 Dungeon Crawl Stone Soup version 0.23.2-40-g277498a (webtiles) character file.

Game seed: 10491241118932616446

536 Fang the Skirmisher (level 7, 0/44 HPs)
             Began as a Gargoyle Berserker on Sept 4, 2019.
             Was a Priest of Trog.
             Slain by a worker ant (3 damage)
             ... on level 4 of the Dungeon on Sept 5, 2019.
             The game lasted 00:04:31 (2973 turns).

Fang the Skirmisher (Gargoyle Berserker)            Turns: 2973, Time: 00:04:32

Health: 0/44       AC:  8    Str: 23    XL:     7   Next: 25%
Magic:  7/7        EV: 13    Int:  7    God:    Trog [***...]
Gold:   214        SH:  0    Dex:  9    Spells: 6/6 levels left

rFire    . . .     SeeInvis .   a - +0 hand axe
rCold    . . .     Gourm    .   (no shield)
rNeg     + . .     Faith    .   b - +0 animal skin
rPois    ∞         Spirit   .   f - +1 hat
rElec    +         Reflect  .   (no cloak)
rCorr    .         Harm     .   (no gloves)
MR       .....                  (no boots)
Stlth    +.........             (no amulet)
HPRegen  0.14/turn              (no ring)
MPRegen  0.10/turn              (no ring)

@: berserk cooldown, slowed, very slow
A: negative energy resistance 1, electricity resistance, unbreathing,
petrification resistance, rot immunity, AC +4
a: Berserk, Trog's Hand, Renounce Religion


You were on level 4 of the Dungeon.
You worshipped Trog.
Trog was most pleased with you.
You were very hungry.

You visited 1 branch of the dungeon, and saw 4 of its levels.

You collected 214 gold pieces.

Inventory:

Hand Weapons
 a - a +0 hand axe (weapon)
Armour
 b - a +0 animal skin (worn)
 f - a +1 hat (worn)
Jewellery
 m - an uncursed ring of wizardry {unknown}
 n - an uncursed ring of protection from magic {unknown}
 v - a +3 ring of dexterity {unknown}
Wands
 s - a wand of acid (11)
 t - a wand of flame (21)
Scrolls
 d - a scroll of fear {unknown}
 e - a scroll of amnesia {unknown}
 h - 3 scrolls of identify {unknown}
 i - 6 scrolls of remove curse {unknown}
 j - 2 scrolls of enchant weapon {unknown}
 k - a scroll of magic mapping {unknown}
 l - a scroll of immolation {unknown}
 q - 4 scrolls of teleportation {unknown}
Potions
 g - a potion of haste {unknown}
 o - a potion of might {unknown}
 p - a potion of curing {unknown}
 r - 2 potions of brilliance {unknown}
 u - a potion of flight {unknown}
 w - a potion of mutation {unknown}
Comestibles
 c - 10 rations
 x - 2 chunks of flesh


   Skills:
 + Level 5.2 Fighting
 + Level 4.3 Axes
 + Level 4.5 Armour
 + Level 3.3 Dodging


You had 6 spell levels left.
You didn't know any spells.
Your spell library was empty.

Dungeon Overview and Level Annotations

Branches:
Dungeon (4/15)
 Temple: D:4-7

Altars:

Annotations:
D:4 Dowan, Duvessa


Innate Abilities, Weirdness & Mutations

You are resistant to torment.
Your stone body is resilient. (AC +4)
You are immune to poison.
You resist negative energy. (rN+)
You are resistant to electric shocks. (rElec)
You can survive without breathing.
You are immune to petrification.
You are immune to rotting.


Message History

Duvessa says, "I don't care about looks, I care about technique!"
The adder bites you.
* * * LOW HITPOINT WARNING * * *
The worker ant waves its antennae.
You barely miss the adder.
The adder is heavily wounded.
You barely miss the worker ant. The adder bites you.
* * * LOW HITPOINT WARNING * * *
The adder bites you but does no damage.
The worker ant bites you but does no damage.
Dowan gestures at Duvessa while chanting.
Duvessa seems to speed up.
You hit the adder.
The adder is heavily wounded.
You hit Duvessa but do no damage. You barely miss the worker ant.
The adder closely misses you. The worker ant bites you.
* * * LOW HITPOINT WARNING * * *
Duvessa hits you but does no damage. The adder bites you but does no damage.
The worker ant bites you.
You die...

#≈##≈###≈≈≈# #.
#≈≈####≈≈#≈# ## #.##
#≈≈# ##≈≈#≈#
.##.##..#####≈≈# #≈≈####
............##≈# #≈≈#...
.#......###..#≈#.#≈≈#...
..............≈..##≈#...
.........)#.......#≈##..
......a@S)........#≈≈#..
.......e.##)..##..#≈≈##.
.................###≈≈##
....e.......?.#... #≈≈≈.
...................##≈..
.........##.#.......#≈..
..........#.........##..
........#. ##...........
...........


You could see Duvessa, Dowan, a worker ant and an adder.

Vanquished Creatures
  An ogre (D:4)
  A scorpion (D:4)
  The ghost of q3l0 the Chopper, a weakling MiBe of Trog (D:3)
  4 wights (D:4)
  An orc priest (D:3)
  A bullfrog skeleton (D:4)
  Ijyb (D:4)
  A worker ant (D:4)
  An ooze (D:4)
  An adder skeleton (D:4)
  2 dart slugs
  A leopard gecko (D:4)
  4 orcs (D:3)
  2 ball pythons
  7 bats
  7 giant cockroaches
  7 goblins
  7 hobgoblins
  10 jackals
  A quokka (D:4)
  5 frilled lizards
  5 kobolds
  10 rats
81 creatures vanquished.

Notes
Turn   | Place    | Note
-------+----------+-------------------------------------------
     0 | D:1      | Fang the Gargoyle Berserker began the quest for the Orb.
     0 | D:1      | Reached XP level 1. HP: 14/14 MP: 1/1
   377 | D:1      | Reached XP level 2. HP: 19/19 MP: 2/2
   754 | D:1      | Reached XP level 3. HP: 19/23 MP: 3/3
   759 | D:1      | Reached ** piety under Trog
  1650 | D:3      | Reached XP level 4. HP: 28/29 MP: 4/4
  1659 | D:3      | Reached skill level 4 in Fighting
  2267 | D:3      | Found a runed translucent door.
  2272 | D:3      | Noticed q3l0's ghost (weakling MiBe)
  2283 | D:3      | Killed q3l0's ghost
  2283 | D:3      | Reached XP level 5. HP: 32/33 MP: 5/5
  2525 | D:4      | Noticed an ogre
  2532 | D:4      | Killed an ogre
  2532 | D:4      | Reached XP level 6. HP: 39/39 MP: 6/6
  2646 | D:4      | Reached *** piety under Trog
  2949 | D:4      | Noticed Ijyb
  2957 | D:4      | Reached skill level 5 in Fighting
  2961 | D:4      | Killed Ijyb
  2961 | D:4      | Reached XP level 7. HP: 25/44 MP: 7/7
  2968 | D:4      | Noticed Duvessa
  2969 | D:4      | Noticed Dowan
  2973 | D:4      | Slain by a worker ant

Skill      XL: |  1  2  3  4  5  6 |
---------------+-------------------+-----
Axes           | 3 4 |  4.3
Dodging        | 2 3 |  3.3
Armour         | 3 4 |  4.5
Fighting       | 4 5 |  5.2

Action                   |  1- 3 |  4- 6 |  7- 9 || total
-------------------------+-------+-------+-------++-------
Melee: Hand axe          |   140 |   119 |     9 ||   268
Invok: Berserk           |       |     3 |       ||     3
  Eat: Chunk             |     2 |     6 |       ||     8
Armor: Animal skin       |    61 |    39 |     7 ||   107
Dodge: Dodged            |   128 |    99 |     8 ||   235
